 Dungeon Crawl Stone Soup version 0.22.0-2-ge58baed0e8 (webtiles) character file.

690 Flugkiller the Grave Robber (level 7, -1/42 HPs)
             Began as a Vampire Necromancer on Aug 13, 2018.
             Was a Follower of Hepliaklqana.
             Slain by a human zombie (3 damage)
             ... in an ossuary.
             The game lasted 00:12:23 (6280 turns).

Flugkiller the Grave Robber (Vampire Necromancer)   Turns: 6280, Time: 00:12:24

Health: -1/42      AC:  3    Str:  7    XL:     7   Next: 36%
Magic:  14/14      EV: 13    Int: 19    God:    Hepliaklqana [*.....]
Gold:   199        SH:  0    Dex: 15    Spells: 4/16 levels left

rFire    . . .     SeeInvis +   o - +0 trident
rCold    . . .     Gourm    .   (no shield)
rNeg     + . .     Faith    .   a - +0 robe
rPois    .         Spirit   .   p - +0 helmet (curse)
rElec    .         Reflect  .   (no cloak)
rCorr    .         Harm     .   (no gloves)
MR       .....                  (no boots)
Stlth    +++.......             (no amulet)
HPRegen  0.14/turn              (no ring)
MPRegen  0.14/turn              (no ring)

@: no status effects
A: reduced essence, fangs 3, see invisible, unbreathing
a: Bat Form, Recall Ancestor, Ancestor Identity, Renounce Religion


You were in an ossuary.
You worshipped Hepliaklqana.
Hepliaklqana was aware of your devotion.
You were not thirsty.

You visited 2 branches of the dungeon, and saw 6 of its levels.
You also visited: Ossuary.

You collected 199 gold pieces.

Inventory:

Hand Weapons
 g - a +0 dagger
 o - a +0 trident (weapon)
Armour
 a - a +0 robe (worn)
 p - a cursed +0 helmet (worn)
Jewellery
 m - an uncursed amulet of rage {unknown}
 x - an uncursed ring of poison resistance {unknown}
Wands
 v - a wand of digging (9)
Scrolls
 b - 2 scrolls of teleportation {unknown}
 d - 3 scrolls of immolation {unknown}
 e - a scroll of magic mapping {unknown}
 i - a scroll of remove curse {unknown}
 j - 3 scrolls of identify {unknown}
 r - a scroll of enchant weapon {unknown}
 y - a scroll of amnesia {unknown}
 A - a scroll of noise {unknown}
Potions
 c - a potion of magic {unknown}
 f - a potion of haste {unknown}
 h - a potion of agility {unknown}
 k - a potion of degeneration {unknown}
 l - 2 potions of brilliance {unknown}
 n - 5 potions of blood
 q - a potion of curing {unknown}
 s - a potion of heal wounds
 t - 2 potions of flight {unknown}
 u - a potion of might {unknown}
 w - a potion of cancellation {unknown}
 z - a potion of mutation {unknown}


   Skills:
 + Level 0.9 Fighting
 * Level 1.3 Polearms
 + Level 2.7 Dodging
 - Level 5.0 Stealth
 + Level 5.1 Spellcasting
 - Level 7.0 Necromancy


You had 4 spell levels left.
You knew the following spells:

 Your Spells              Type           Power        Failure   Level  Hunger
a - Pain                  Necr           ####         1%          1    None
b - Animate Skeleton      Necr           N/A          1%          1    None
c - Vampiric Draining     Necr           ####......   1%          3    ##.....
d - Animate Dead          Necr           N/A          7%          4    ####...
e - Regeneration          Chrm/Necr      ###.......   9%          3    ##.....

Your spell library contained the following spells:

 Spells                   Type           Power        Failure   Level  Hunger


Dungeon Overview and Level Annotations

Branches:
Dungeon (5/15)             Temple (1/1) D:4

Altars:
Ashenzari
Dithmenos
Elyvilon
Hepliaklqana
Makhleb
Nemelex Xobeh
Okawaru
Wu Jian
Yredelemnul


Innate Abilities, Weirdness & Mutations

You have razor-sharp teeth.
You have supernaturally acute eyesight. (SInv)
You can survive without breathing.
Your life essence is reduced to manifest your ancestor. (-10% HP)


Message History

The gnoll zombie closely misses Who knows.
Who knows barely misses the elf zombie.
The elf zombie hits Who knows.
The human zombie hits you.
* * * LOW HITPOINT WARNING * * *
The big kobold zombie hits you.
* * * LOW HITPOINT WARNING * * *
The jackal zombie barely misses you.
You closely miss the adder zombie.
The adder zombie is almost destroyed.
The adder zombie bites you.
* * * LOW HITPOINT WARNING * * *
The adder zombie misses you. The elf zombie closely misses you.
The gnoll zombie completely misses you.
Who knows hits the elf zombie.
The jackal zombie misses you.
The gnoll zombie hits Who knows.
The adder zombie bites you.
* * * LOW HITPOINT WARNING * * *
The elf zombie barely misses Who knows.
The adder zombie bites you but does no damage.
The human zombie hits you.
You die...

...............
...............
...............
...............
...............
.......ZZ......
......ZRZ......
.....ZZ@ZZ.....
......ZZZ......
.......Z.......
...............
...............
...............
...............
...............


You could see the friendly Who knows the ancestor, 2 adder zombies, a rat
zombie, a jackal zombie, a hound zombie, 2 gnoll zombies, 2 big kobold zombies,
2 elf zombies and a human zombie.

Vanquished Creatures
  Sigmund (D:2)
  A hound (D:2)
  Ijyb (D:4)
  A worker ant (D:5)
  2 gnolls (D:4)
  An adder (D:2)
  An ooze (D:2)
  3 worms
  A dart slug (D:2)
  4 leopard geckos
  11 orcs
  9 bats
  5 giant cockroaches
  7 goblins
  5 hobgoblins
  11 jackals
  2 quokkas
  3 frilled lizards
  8 kobolds
  A quokka skeleton (D:4)
  5 rats
83 creatures vanquished.

Vanquished Creatures (collateral kills)
  Grinder (D:3)
  A bullfrog skeleton (D:5)
  A worker ant (D:4)
  A gnoll (D:4)
  2 adders
  An ooze (D:5)
  2 dart slugs
  5 orcs
  A goblin (D:3)
  A kobold (D:3)
  A frilled lizard (D:3)
  A leopard gecko skeleton (D:4)
18 creatures vanquished.

Vanquished Creatures (others)
  An ancestor (D:3)
1 creature vanquished.

Grand Total: 102 creatures vanquished

Notes
Turn   | Place    | Note
-------+----------+-------------------------------------------
     0 | D:1      | Flugkiller the Vampire Necromancer began the quest for the Orb.
     0 | D:1      | Reached XP level 1. HP: 13/13 MP: 3/3
   184 | D:1      | Reached XP level 2. HP: 15/19 MP: 0/5
   644 | D:2      | Reached XP level 3. HP: 24/24 MP: 4/6
   725 | D:2      | Learned a level 1 spell: Animate Skeleton
   729 | D:2      | Learned a level 3 spell: Vampiric Draining
  1217 | D:2      | Reached skill level 5 in Necromancy
  1217 | D:2      | Reached XP level 4. HP: 26/30 MP: 1/8
  1809 | D:2      | Noticed Sigmund
  1810 | D:2      | Reached skill level 5 in Stealth
  1996 | D:2      | Killed Sigmund
  1996 | D:2      | Reached skill level 6 in Necromancy
  1996 | D:2      | Reached XP level 5. HP: 22/35 MP: 0/11
  2103 | D:2      | Found a hazy altar of Hepliaklqana.
  2176 | D:2      | Became a worshipper of Hepliaklqana the Forgotten
  2402 | D:2      | Learned a level 4 spell: Animate Dead
  2406 | D:2      | Learned a level 3 spell: Regeneration
  2434 | D:3      | Noticed an orc warrior
  2441 | D:3      | HP: 1/31 [orc warrior/battleaxe (29)]
  2910 | D:3      | Reached XP level 6. HP: 26/36 MP: 7/12
  3587 | D:3      | Noticed Grinder
  3598 | D:3      | Paralysed by Grinder for 7 turns
  3609 | D:3      | Paralysed by Grinder for 2 turns
  3613 | D:3      | HP: 1/36 [Grinder (1)]
  3613 | D:3      | Paralysed by Grinder for 2 turns
  3618 | D:3      | Killed Grinder
  4430 | D:3      | Found a shadowy altar of Dithmenos.
  4810 | D:3      | Reached * piety under Hepliaklqana
  5089 | D:4      | Reached XP level 7. HP: 38/41 MP: 14/14
  5105 | D:4      | Found a staircase to the Ecumenical Temple.
  5128 | Temple   | Entered the Ecumenical Temple
  5317 | D:4      | Noticed Ijyb
  5330 | D:4      | Killed Ijyb
  5398 | D:4      | Reached skill level 7 in Necromancy
  5540 | D:4      | Reached skill level 5 in Spellcasting
  5885 | D:5      | Entered Level 5 of the Dungeon
  5968 | D:5      | Reached skill level 1 in Polearms
  6225 | D:5      | Found a sand-covered staircase.
  6268 | Ossuary  | Entered an ossuary
  6280 | Ossuary  | HP: 2/42 [adder zombie (3)]
  6280 | Ossuary  | Slain by a human zombie

Skill      XL: |  1  2  3  4  5  6  7 |
---------------+----------------------+-----
Stealth        | 4 5 |  5.0
Necromancy     | 5 6 7 |  7.0
Spellcasting   | 4 5 |  5.1
Polearms       | 1 |  1.3
Fighting       | |  0.9
Dodging        | |  2.7

Action                   |  1- 3 |  4- 6 |  7- 9 || total
-------------------------+-------+-------+-------++-------
Melee: Unarmed           |     3 |       |       ||     3
       Bite              |     7 |     6 |     6 ||    19
       Dagger            |    23 |     2 |       ||    25
       Trident           |       |    44 |    58 ||   102
 Cast: Pain              |    51 |    54 |    25 ||   130
       Animate Skeleton  |     9 |     2 |       ||    11
       Vampiric Draining |       |     3 |     3 ||     6
Invok: Recall Ancestor   |       |     2 |       ||     2
       Ancestor Identity |       |     2 |       ||     2
  Use: Potion            |     8 |     4 |    10 ||    22
 Stab: Sleeping          |       |     3 |     4 ||     7
Armor: Robe              |    11 |     8 |    11 ||    30
Dodge: Dodged            |    33 |    49 |    65 ||   147
